NULL
Full Scoreboard »»

Islanders vs Kraken

Created - March 22, 2024 at 00:13

Goals
1 2 3 T
Islanders 1 1 0 2
Kraken 3 0 2 5
Shots
1 2 3 T
Islanders 10 8 7 25
Kraken 13 14 15 42

GoalsPenalties
1st period
1. Kraken , Jamie Benn 15 (Clayton Keller 26, Jesper Bratt 25) at 11:30
2. Kraken , Jesper Bratt 23 (Clayton Keller 27, Jonas Siegenthaler 10) at 12:10
3. Kraken , Morgan Frost 11 (Jonas Siegenthaler 11, Travis Sanheim 9) at 16:00
4. Islanders , Artturi Lehkonen 18 (Brock Nelson 25) at 16:08
Brenden Dillon (SEA) for Fighting (Major) at 12:11
David Perron (NYI) for Fighting (Major) at 12:11
2nd period
5. Islanders , Anders Lee 10 (Brock Nelson 26, Artturi Lehkonen 21) at 18:34
Artturi Lehkonen (NYI) for Roughing (Minor) at 6:18
Brenden Dillon (SEA) for Fighting (Major) at 18:39
Kyle Capobianco (NYI) for Fighting (Major) at 18:39
Boone Jenner (NYI) for Goalie Interference (Minor) at 19:27
3rd period
6. Kraken , Kirill Kaprizov 26 (Roope Hintz 37, Noah Dobson 20) at 0:14 (PP)
7. Kraken , Blake Coleman 21 (Jesperi Kotkaniemi 15) at 12:14
Brenden Dillon (SEA) for Fighting (Major / Game Misconduct) at 6:19
Brock Nelson (NYI) for Fighting (Major) at 6:19
Artturi Lehkonen (NYI) for Hooking (Minor) at 9:46
Clayton Keller (SEA) for Fighting (Major) at 10:07
Nick Schmaltz (NYI) for Fighting (Major) at 10:07
Blake Coleman (SEA) for Fighting (Major) at 12:31
Martin Fehervary (NYI) for Fighting (Major) at 12:31
Goalie Stats
Karel Vejmelka (NYI), 37 saves from 42 shots - (0.881), L, 20-19-2, 60:00 minutes
Tristan Jarry (SEA), 23 saves from 25 shots - (0.920), W, 25-12-6, 60:00 minutes
3 StarsOfficial
1 - Jesper Bratt (SEA)
2 - Jonas Siegenthaler (SEA)
3 - Morgan Frost (SEA)
Referees : Unknown
Linesman : Unknown
Game Note
Brenden Dillon beats up David Perron at 12:11 of 1st period
Brenden Dillon and Kyle Capobianco fight to a draw at 18:39 of 2nd period
Brock Nelson beats up Brenden Dillon at 6:19 of 3rd period
Brenden Dillon (SEA) for Fighting (Major / Game Misconduct) at 6:19
Brenden Dillon ejected from game at 6:19 of 3rd period
Nick Schmaltz beats up Clayton Keller at 10:07 of 3rd period
Blake Coleman beats up Martin Fehervary at 12:31 of 3rd period



Team Name Goals Shots Shots Attemp Shots Blocked PIM HIT PP PK FO%
Islanders 225641731300 / 0 (0.00%153%
Kraken 542801435291 / 3 (33%)047%

Islanders
Player Name POS G A P +/- PIM HIT SHT SB MP PP MP PP SHT PK MP PK SHT FO% FOT GA TA
Adam FantilliC000-3033016:250:0000:00048% 2330
Anders LeeC/LW/RW1010045017:410:0000:17033% 320
Artturi LehkonenLW/RW1121401016:150:0000:0000% 110
Barrett HaytonC000001109:070:0000:0500% 100
Boone JennerC/LW/RW0000233015:460:0000:00083% 602
Bowen ByramD000-1002122:270:0000:0900% 010
Brady SkjeiD000-1000221:310:0000:0900% 001
Brock NelsonC/LW/RW0221512116:240:0001:35055% 2200
Chandler StephensonC/LW0000001111:410:0000:0500% 001
David PerronLW/RW000-2511013:500:0000:000100% 122
Dysin MayoD000-1021219:580:0001:2900% 000
Kyle CapobiancoD000-1530316:250:0001:2900% 001
Kyle OkposoLW/RW0000040117:160:0001:29075% 410
Martin FehervaryD0000512319:050:0001:3500% 000
Nick BoninoC/LW/RW0000011010:560:0001:3800% 100
Nick SchmaltzC/LW/RW0000520116:080:0001:2200% 000
Patrik NemethD0000011120:320:0001:3500% 010
Valeri NichushkinLW/RW000-3031115:170:0000:0000% 020
Kraken
Player Name POS G A P +/- PIM HIT SHT SB MP PP MP PP SHT PK MP PK SHT FO% FOT GA TA
Andrei SvechnikovLW/RW0000021018:581:3800:0000% 000
Blake ColemanC/LW/RW1011523013:010:0000:000100% 110
Brandon SaadLW/RW0001013011:201:1800:0000% 000
Brenden DillonD00002550011:190:0000:0000% 001
Clayton KellerC/LW/RW0220518016:471:4300:0000% 011
Jacob TroubaD0001052426:161:3700:0000% 000
Jamie BennC/LW1010011017:391:2000:00048% 2300
Jesper BrattLW/RW1120004118:161:2000:0000% 010
Jesperi KotkaniemiC/LW0111031013:400:0000:00050% 1001
Jonas SiegenthalerD0221010322:500:0000:0000% 000
Kirill KaprizovLW1010006018:171:4520:000100% 110
Morgan FrostC1011003010:240:0800:00067% 610
Nicolas HagueD0001021217:170:0000:0000% 001
Noah DobsonD0110022222:132:0310:0000% 004
Pavel ZachaC/LW0001003015:501:2000:0000% 011
Roope HintzC/LW0110013118:171:4510:00033% 2110
Tanner JeannotLW/RW0001031010:240:0800:0000% 001
Travis SanheimD0111000117:070:0000:0000% 003

Islanders

5 vs 5 Forward
Line #Left WingCenterRight WingPHYDFOFWanted %Time %Time Play
1Valeri NichushkinAdam FantilliDavid Perron1223028%16:00
2Artturi LehkonenBrock NelsonAnders Lee1223028%15:58
3Nick SchmaltzBoone JennerKyle Okposo1223028%15:47
4Chandler StephensonBarrett HaytonNick Bonino1221016%9:07
5 vs 5 Defense
Line #DefenseDefensePHYDFOFWanted %Time %Time Play
1Brady SkjeiBowen Byram1223534%19:14
2Martin FehervaryPatrik Nemeth1223534%19:12
3Dysin MayoKyle Capobianco1223032%18:00
4Brady SkjeiBowen Byram12201%0:21
Power Play Forward
Line #Left WingCenterRight WingPHYDFOFWanted %Time %Time Play
1Valeri NichushkinAdam FantilliDavid Perron122500%0:00
2Artturi LehkonenBrock NelsonAnders Lee122500%0:00
Power Play Defense
Line #DefenseDefensePHYDFOFWanted %Time %Time Play
1Brady SkjeiBowen Byram122500%0:00
2Martin FehervaryPatrik Nemeth122500%0:00
Penalty Kill 4 Players Forward
Line #CenterWingPHYDFOFWanted %Time %Time Play
1Brock NelsonKyle Okposo1225051%1:35
2Nick BoninoNick Schmaltz1225049%1:33
Penalty Kill 4 Players Defense
Line #DefenseDefensePHYDFOFWanted %Time %Time Play
1Dysin MayoKyle Capobianco1225046%1:29
2Martin FehervaryPatrik Nemeth1225054%1:44
Penalty Kill 3 Players
Line #WingPHYDFOFWanted %Time %Time PlayDefenseDefensePHYDFOFWanted %Time %Time Play
1Nick Bonino122500%0:00 Brady SkjeiBowen Byram122500%0:00
2Chandler Stephenson122500%0:00 Martin FehervaryPatrik Nemeth122500%0:00
4 vs 4 Forward
Line #CenterWingPHYDFOFWanted %Time %Time Play
1Valeri NichushkinDavid Perron122500%0:00
2Artturi LehkonenBoone Jenner122500%0:00
4 vs 4 Defense
Line #DefensePHYDFOFWanted %Time %Time Play
1Brady SkjeiBowen Byram122500%0:00
2Martin FehervaryPatrik Nemeth122500%0:00
Last Minutes Offensive
Left WingCenterRight WingDefenseDefense
Valeri NichushkinBoone JennerDavid PerronBrady SkjeiBowen Byram
Last Minutes Defensive
Left WingCenterRight WingDefenseDefense
Valeri NichushkinBoone JennerDavid PerronBrady SkjeiBowen Byram
Time
Total ForwardTotal DefenseLast Minutes OffensiveLast Minutes Defensive
60:00 60:00 0:000:00
Extra Forwards
Normal PowerPlayPenalty Kill
Adam Fantilli, Chandler Stephenson, Nick SchmaltzAdam Fantilli, Chandler StephensonNick Schmaltz
Extra Defensemen
Normal PowerPlayPenalty Kill
Dysin Mayo, Kyle Capobianco, Martin FehervaryDysin Mayo, Kyle CapobiancoMartin Fehervary
Penalty Shots
Valeri Nichushkin, David Perron, Artturi Lehkonen, Boone Jenner, Brock Nelson
Goalie
Karel Vejmelka, Joseph Woll
Custom OT Lines Forwards
Valeri Nichushkin, David Perron, Artturi Lehkonen, Boone Jenner, Brock Nelson, Anders Lee, Chandler Stephenson, Nick Schmaltz, Barrett Hayton, Adam Fantilli
Custom OT Lines Defensemen
Brady Skjei, Bowen Byram, Martin Fehervary, Patrik Nemeth, Dysin Mayo
Scratches
Barclay Goodrow (Healthy), Lars Eller (Healthy), Tyler Johnson (Healthy)

Kraken

5 vs 5 Forward
Line #Left WingCenterRight WingPHYDFOFWanted %Time %Time Play
1Kirill KaprizovRoope HintzAndrei Svechnikov0143029%16:32
2Clayton KellerJamie BennJesper Bratt0233029%16:19
3Pavel ZachaJesperi KotkaniemiBlake Coleman0232524%13:40
4Tanner JeannotMorgan FrostBrandon Saad0231518%10:24
5 vs 5 Defense
Line #DefenseDefensePHYDFOFWanted %Time %Time Play
1Brenden DillonNoah Dobson0323837%20:55
2Jonas SiegenthalerJacob Trouba0323833%18:45
3Travis SanheimNicolas Hague0322430%17:07
4Jacob TroubaNoah Dobson03200%0:00
Power Play Forward
Line #Left WingCenterRight WingPHYDFOFWanted %Time %Time Play
1Kirill KaprizovRoope HintzClayton Keller0145557%1:45
2Pavel ZachaJamie BennJesper Bratt0144543%1:20
Power Play Defense
Line #DefenseDefensePHYDFOFWanted %Time %Time Play
1Andrei SvechnikovNoah Dobson0145564%2:03
2Brandon SaadJacob Trouba0144536%1:10
Penalty Kill 4 Players Forward
Line #CenterWingPHYDFOFWanted %Time %Time Play
1Roope HintzBlake Coleman140500%0:00
2Jamie BennBrandon Saad140500%0:00
Penalty Kill 4 Players Defense
Line #DefenseDefensePHYDFOFWanted %Time %Time Play
1Nicolas HagueJonas Siegenthaler140500%0:00
2Brenden DillonTravis Sanheim140500%0:00
Penalty Kill 3 Players
Line #WingPHYDFOFWanted %Time %Time PlayDefenseDefensePHYDFOFWanted %Time %Time Play
1Roope Hintz140500%0:00 Brenden DillonJacob Trouba140500%0:00
2Jamie Benn140500%0:00 Jonas SiegenthalerNoah Dobson140500%0:00
4 vs 4 Forward
Line #CenterWingPHYDFOFWanted %Time %Time Play
1Morgan FrostPavel Zacha122500%0:00
2Jesperi KotkaniemiBrandon Saad122500%0:00
4 vs 4 Defense
Line #DefensePHYDFOFWanted %Time %Time Play
1Jonas SiegenthalerJacob Trouba023500%0:00
2Nicolas HagueTravis Sanheim023500%0:00
Last Minutes Offensive
Left WingCenterRight WingDefenseDefense
Kirill KaprizovRoope HintzJesper BrattAndrei SvechnikovNoah Dobson
Last Minutes Defensive
Left WingCenterRight WingDefenseDefense
Blake ColemanJamie BennClayton KellerJonas SiegenthalerJacob Trouba
Time
Total ForwardTotal DefenseLast Minutes OffensiveLast Minutes Defensive
60:00 60:00 0:000:00
Extra Forwards
Normal PowerPlayPenalty Kill
Jesper Bratt, Pavel Zacha, Blake ColemanJamie Benn, Andrei SvechnikovClayton Keller
Extra Defensemen
Normal PowerPlayPenalty Kill
Noah Dobson, Jacob Trouba, Jonas SiegenthalerTravis Sanheim, Brenden DillonNicolas Hague
Penalty Shots
Kirill Kaprizov, Roope Hintz, Clayton Keller, Jesper Bratt, Andrei Svechnikov
Goalie
Tristan Jarry, Semyon Varlamov
Custom OT Lines Forwards
Kirill Kaprizov, Roope Hintz, Andrei Svechnikov, Jamie Benn, Jesper Bratt, Clayton Keller, Blake Coleman, Pavel Zacha, Brandon Saad, Morgan Frost
Custom OT Lines Defensemen
Jacob Trouba, Noah Dobson, Jonas Siegenthaler, Brenden Dillon, Nicolas Hague
Scratches
Nicklaus Perbix (Healthy), Thomas Novak (Healthy), Morgan Geekie (Healthy), Jake Sanderson (Healthy)


Play-by-Play

1st period


0:01 of 1st period - Roope Hintz wins face-off versus Adam Fantilli in neutral zone.
0:04 of 1st period - Brady Skjei is hit by Brenden Dillon and loses puck.
0:54 of 1st period - Wrist shot by Kirill Kaprizov.
0:54 of 1st period - Stopped by Karel Vejmelka without a rebound.
0:55 of 1st period - Jamie Benn wins face-off versus Artturi Lehkonen in Islanders zone.
1:06 of 1st period - Snap shot by Brock Nelson.
1:06 of 1st period - Shot Misses the Net.
1:08 of 1st period - Wrist shot by Anders Lee.
1:08 of 1st period - Shot Blocked by Jacob Trouba.
1:22 of 1st period - Kyle Capobianco is hit by Jesperi Kotkaniemi and loses puck.
1:51 of 1st period - Wrist shot by David Perron.
1:51 of 1st period - Shot Misses the Net.
2:13 of 1st period - Wrist shot by Brock Nelson.
2:13 of 1st period - Shot Misses the Net.
2:29 of 1st period - Snap shot by Blake Coleman.
2:29 of 1st period - Shot Misses the Net.
2:43 of 1st period - Nick Bonino is hit by Brenden Dillon and loses puck.
3:14 of 1st period - Andrei Svechnikov is hit by Anders Lee and loses puck.
3:31 of 1st period - Snap shot by Kirill Kaprizov.
3:31 of 1st period - Shot Misses the Net.
3:43 of 1st period - Slapshot by Kirill Kaprizov.
3:43 of 1st period - Stopped by Karel Vejmelka without a rebound.
3:44 of 1st period - Boone Jenner wins face-off versus Jamie Benn in Islanders zone.
4:09 of 1st period - Valeri Nichushkin is hit by Blake Coleman and loses puck.
4:14 of 1st period - Wrist shot by Blake Coleman.
4:14 of 1st period - Shot Blocked by Dysin Mayo.
4:16 of 1st period - Snap shot by Jesperi Kotkaniemi.
4:16 of 1st period - Deflect By Pavel Zacha.
4:16 of 1st period - Shot Misses the Net.
4:16 of 1st period - Puck is out of play.
4:17 of 1st period - Morgan Frost wins face-off versus Brock Nelson in Islanders zone.
4:51 of 1st period - Snap shot by Nick Schmaltz.
4:51 of 1st period - Deflect By Boone Jenner.
4:51 of 1st period - Stopped by Tristan Jarry with a rebound.
4:53 of 1st period - Slapshot by Martin Fehervary.
4:53 of 1st period - Stopped by Tristan Jarry with a rebound.
4:55 of 1st period - Slapshot by Martin Fehervary.
4:55 of 1st period - Stopped by Tristan Jarry with a rebound.
4:57 of 1st period - Wrist shot by Kyle Okposo.
4:57 of 1st period - Shot Blocked by Jacob Trouba.
5:11 of 1st period - Barrett Hayton is hit by Jesperi Kotkaniemi.
5:51 of 1st period - David Perron is hit by Brenden Dillon and loses puck.
6:00 of 1st period - Snap shot by David Perron.
6:00 of 1st period - Stopped by Tristan Jarry without a rebound.
6:01 of 1st period - Brock Nelson wins face-off versus Jamie Benn in Kraken zone.
6:12 of 1st period - Wrist shot by Anders Lee.
6:12 of 1st period - Stopped by Tristan Jarry without a rebound.
6:13 of 1st period - Brock Nelson wins face-off versus Jesperi Kotkaniemi in Kraken zone.
6:14 of 1st period - Slapshot by Artturi Lehkonen.
6:14 of 1st period - Shot Hit the Post.
6:50 of 1st period - Snap shot by Clayton Keller.
6:50 of 1st period - Stopped by Karel Vejmelka without a rebound.
6:51 of 1st period - Morgan Frost wins face-off versus Brock Nelson in Islanders zone.
6:54 of 1st period - Wrist shot by Brandon Saad.
6:54 of 1st period - Stopped by Karel Vejmelka without a rebound.
6:55 of 1st period - Morgan Frost wins face-off versus Brock Nelson in Islanders zone.
7:00 of 1st period - Wrist shot by Brandon Saad.
7:00 of 1st period - Shot Misses the Net.
7:02 of 1st period - Slapshot by Brenden Dillon.
7:02 of 1st period - Shot Blocked by Brock Nelson.
7:04 of 1st period - Wrist shot by Brandon Saad.
7:04 of 1st period - Stopped by Karel Vejmelka without a rebound.
7:05 of 1st period - Jesperi Kotkaniemi wins face-off versus Adam Fantilli in Islanders zone.
7:42 of 1st period - Snap shot by Clayton Keller.
7:42 of 1st period - Shot Misses the Net.
8:20 of 1st period - Snap shot by Barrett Hayton.
8:20 of 1st period - Shot Blocked by Nicolas Hague.
8:22 of 1st period - Slapshot by Martin Fehervary.
8:22 of 1st period - Shot Blocked by Travis Sanheim.
9:15 of 1st period - Icing by Kirill Kaprizov.
9:16 of 1st period - Roope Hintz wins face-off versus Brock Nelson in Kraken zone.
9:16 of 1st period - Roope Hintz is hit by Anders Lee.
9:30 of 1st period - Wrist shot by Anders Lee.
9:30 of 1st period - Shot Blocked by Nicolas Hague.
9:38 of 1st period - Snap shot by Anders Lee.
9:38 of 1st period - Stopped by Tristan Jarry without a rebound.
9:39 of 1st period - Jamie Benn wins face-off versus Adam Fantilli in Kraken zone.
9:50 of 1st period - Wrist shot by Clayton Keller.
9:50 of 1st period - Stopped by Karel Vejmelka without a rebound.
9:51 of 1st period - Jesperi Kotkaniemi wins face-off versus Adam Fantilli in Islanders zone.
10:00 of 1st period - Dysin Mayo is hit by Blake Coleman and loses puck.
10:45 of 1st period - Wrist shot by Morgan Frost.
10:45 of 1st period - Shot Misses the Net.
10:55 of 1st period - Snap shot by Nick Schmaltz.
10:55 of 1st period - Shot Misses the Net.
11:20 of 1st period - Snap shot by Jesper Bratt.
11:20 of 1st period - Shot Misses the Net.
11:22 of 1st period - Snap shot by Clayton Keller.
11:22 of 1st period - Stopped by Karel Vejmelka without a rebound.
11:23 of 1st period - Jamie Benn wins face-off versus Brock Nelson in Islanders zone.
11:28 of 1st period - Wrist shot by Clayton Keller.
11:28 of 1st period - Shot Misses the Net.
11:30 of 1st period - Snap shot by Jamie Benn.
11:30 of 1st period - Goal by Jamie Benn - Islanders : 0 - Kraken : 1.
11:31 of 1st period - Brock Nelson wins face-off versus Jesperi Kotkaniemi in neutral zone.
12:10 of 1st period - Wrist shot by Jesper Bratt.
12:10 of 1st period - Goal by Jesper Bratt - Islanders : 0 - Kraken : 2.
12:11 of 1st period - Blake Coleman wins face-off versus Adam Fantilli in neutral zone.
12:11 of 1st period - Brenden Dillon beats up David Perron.
12:11 of 1st period - Penalty to Brenden Dillon for Fighting.
12:11 of 1st period - Penalty to David Perron for Fighting.
12:12 of 1st period - Adam Fantilli wins face-off versus Jesperi Kotkaniemi in neutral zone.
12:39 of 1st period - Clayton Keller is hit by Patrik Nemeth and loses puck.
12:46 of 1st period - Snap shot by Anders Lee.
12:46 of 1st period - Shot Misses the Net.
13:06 of 1st period - Kirill Kaprizov is hit by Kyle Okposo and loses puck.
13:33 of 1st period - Snap shot by Brandon Saad.
13:33 of 1st period - Shot Misses the Net.
14:29 of 1st period - Snap shot by Barrett Hayton.
14:29 of 1st period - Stopped by Tristan Jarry without a rebound.
14:30 of 1st period - Adam Fantilli wins face-off versus Roope Hintz in Kraken zone.
15:18 of 1st period - Nick Schmaltz is hit by Jamie Benn and loses puck.
15:44 of 1st period - Off-side.
15:45 of 1st period - Adam Fantilli wins face-off versus Morgan Frost in neutral zone.
15:54 of 1st period - Snap shot by Morgan Frost.
15:54 of 1st period - Shot Blocked by Martin Fehervary.
15:56 of 1st period - Snap shot by Morgan Frost.
15:56 of 1st period - Stopped by Karel Vejmelka with a rebound.
15:58 of 1st period - Wrist shot by Travis Sanheim.
15:58 of 1st period - Shot Misses the Net.
16:00 of 1st period - Snap shot by Jonas Siegenthaler.
16:00 of 1st period - Deflect By Morgan Frost.
16:00 of 1st period - Goal by Morgan Frost - Islanders : 0 - Kraken : 3.
16:01 of 1st period - Brock Nelson wins face-off versus Jamie Benn in neutral zone.
16:08 of 1st period - Wrist shot by Artturi Lehkonen.
16:08 of 1st period - Goal by Artturi Lehkonen - Islanders : 1 - Kraken : 3.
16:09 of 1st period - Jamie Benn wins face-off versus Brock Nelson in neutral zone.
16:16 of 1st period - Slapshot by Jesper Bratt.
16:16 of 1st period - Shot Blocked by Martin Fehervary.
16:18 of 1st period - Snap shot by Jesper Bratt.
16:18 of 1st period - Stopped by Karel Vejmelka without a rebound.
16:19 of 1st period - Brock Nelson wins face-off versus Jamie Benn in Islanders zone.
16:19 of 1st period - Brock Nelson is hit by Clayton Keller.
16:22 of 1st period - Icing by Anders Lee.
16:23 of 1st period - Brock Nelson wins face-off versus Roope Hintz in Islanders zone.
16:28 of 1st period - Snap shot by Artturi Lehkonen.
16:28 of 1st period - Shot Misses the Net.
16:30 of 1st period - Slapshot by Patrik Nemeth.
16:30 of 1st period - Deflect By Brock Nelson.
16:30 of 1st period - Shot Misses the Net.
16:30 of 1st period - Puck is out of play.
16:31 of 1st period - Adam Fantilli wins face-off versus Roope Hintz in Kraken zone.
16:36 of 1st period - Snap shot by Adam Fantilli.
16:36 of 1st period - Stopped by Tristan Jarry with a rebound.
16:38 of 1st period - Wrist shot by Chandler Stephenson.
16:38 of 1st period - Shot Blocked by Jonas Siegenthaler.
16:40 of 1st period - Wrist shot by Valeri Nichushkin.
16:40 of 1st period - Shot Hit the Post.
16:46 of 1st period - Snap shot by Adam Fantilli.
16:46 of 1st period - Shot Misses the Net.
16:56 of 1st period - Jacob Trouba is hit by Kyle Okposo and loses puck.
17:01 of 1st period - Snap shot by Boone Jenner.
17:01 of 1st period - Shot Misses the Net.
17:03 of 1st period - Slapshot by Patrik Nemeth.
17:03 of 1st period - Stopped by Tristan Jarry without a rebound.
17:04 of 1st period - Brock Nelson wins face-off versus Jamie Benn in Kraken zone.
17:20 of 1st period - Snap shot by Jesper Bratt.
17:20 of 1st period - Shot Misses the Net.
18:22 of 1st period - Wrist shot by Boone Jenner.
18:22 of 1st period - Shot Misses the Net.
18:30 of 1st period - Noah Dobson is hit by Boone Jenner and loses puck.
18:51 of 1st period - Wrist shot by Jesper Bratt.
18:51 of 1st period - Stopped by Karel Vejmelka with a rebound.
19:23 of 1st period - Noah Dobson is hit by Boone Jenner and loses puck.
19:37 of 1st period - Kirill Kaprizov is hit by Brock Nelson and loses puck.
19:48 of 1st period - Jamie Benn is hit by Kyle Capobianco and loses puck.
19:55 of 1st period - Jesper Bratt is hit by Kyle Capobianco and loses puck.
Goals for this period are 1 for Islanders vs 3 for Kraken.
Shots for this period are 10 for Islanders vs 13 for Kraken.

2nd period


0:01 of 2nd period - Jamie Benn wins face-off versus Adam Fantilli in neutral zone.
0:54 of 2nd period - Wrist shot by Chandler Stephenson.
0:54 of 2nd period - Shot Misses the Net.
0:59 of 2nd period - Wrist shot by Dysin Mayo.
0:59 of 2nd period - Shot Misses the Net.
1:01 of 2nd period - Wrist shot by Chandler Stephenson.
1:01 of 2nd period - Shot Blocked by Jonas Siegenthaler.
1:03 of 2nd period - Slapshot by Barrett Hayton.
1:03 of 2nd period - Shot Misses the Net.
1:17 of 2nd period - Wrist shot by Morgan Frost.
1:17 of 2nd period - Shot Misses the Net.
1:19 of 2nd period - Snap shot by Morgan Frost.
1:19 of 2nd period - Stopped by Karel Vejmelka with a rebound.
1:21 of 2nd period - Slapshot by Jacob Trouba.
1:21 of 2nd period - Shot Blocked by Dysin Mayo.
1:23 of 2nd period - Snap shot by Jacob Trouba.
1:23 of 2nd period - Shot Misses the Net.
1:25 of 2nd period - Wrist shot by Tanner Jeannot.
1:25 of 2nd period - Stopped by Karel Vejmelka with a rebound.
2:25 of 2nd period - Backhand shot by Roope Hintz.
2:25 of 2nd period - Shot Misses the Net.
2:27 of 2nd period - Slapshot by Nicolas Hague.
2:27 of 2nd period - Stopped by Karel Vejmelka without a rebound.
2:28 of 2nd period - Jamie Benn wins face-off versus Brock Nelson in Islanders zone.
2:29 of 2nd period - Slapshot by Jesper Bratt.
2:29 of 2nd period - Shot Blocked by Brady Skjei.
2:39 of 2nd period - Wrist shot by Clayton Keller.
2:39 of 2nd period - Stopped by Karel Vejmelka without a rebound.
2:40 of 2nd period - Kirill Kaprizov wins face-off versus Adam Fantilli in Islanders zone.
2:41 of 2nd period - Slapshot by Roope Hintz.
2:41 of 2nd period - Stopped by Karel Vejmelka with a rebound.
3:06 of 2nd period - Nick Schmaltz is hit by Brenden Dillon and loses puck.
3:15 of 2nd period - Slapshot by Clayton Keller.
3:15 of 2nd period - Stopped by Karel Vejmelka with a rebound.
3:29 of 2nd period - Bowen Byram is hit by Jacob Trouba and loses puck.
3:53 of 2nd period - Snap shot by Blake Coleman.
3:53 of 2nd period - Shot Misses the Net.
3:55 of 2nd period - Wrist shot by Blake Coleman.
3:55 of 2nd period - Shot Blocked by Nick Schmaltz.
3:57 of 2nd period - Snap shot by Noah Dobson.
3:57 of 2nd period - Deflect By Blake Coleman.
3:57 of 2nd period - Stopped by Karel Vejmelka with a rebound.
3:59 of 2nd period - Wrist shot by Jesperi Kotkaniemi.
3:59 of 2nd period - Stopped by Karel Vejmelka with a rebound.
4:13 of 2nd period - Kyle Okposo is hit by Brenden Dillon and loses puck.
4:22 of 2nd period - Snap shot by Clayton Keller.
4:22 of 2nd period - Stopped by Karel Vejmelka without a rebound.
4:23 of 2nd period - Roope Hintz wins face-off versus Brock Nelson in Islanders zone.
4:34 of 2nd period - Martin Fehervary is hit by Jacob Trouba and loses puck.
4:51 of 2nd period - Snap shot by David Perron.
4:51 of 2nd period - Shot Misses the Net.
4:53 of 2nd period - Snap shot by Adam Fantilli.
4:53 of 2nd period - Shot Misses the Net.
5:08 of 2nd period - Icing by Patrik Nemeth.
5:09 of 2nd period - Adam Fantilli wins face-off versus Jamie Benn in Islanders zone.
5:14 of 2nd period - Patrik Nemeth is hit by Noah Dobson and loses puck.
6:00 of 2nd period - Snap shot by Pavel Zacha.
6:00 of 2nd period - Stopped by Karel Vejmelka with a rebound.
6:18 of 2nd period - Minor Penalty to Artturi Lehkonen for Roughing.
6:19 of 2nd period - Brock Nelson wins face-off versus Roope Hintz in Islanders zone.
8:18 of 2nd period - Penalty to Artturi Lehkonen is over, Artturi Lehkonen is back on ice.
8:22 of 2nd period - Artturi Lehkonen is hit by Jacob Trouba and loses puck.
8:40 of 2nd period - Snap shot by Jesperi Kotkaniemi.
8:40 of 2nd period - Deflect By Blake Coleman.
8:40 of 2nd period - Stopped by Karel Vejmelka with a rebound.
9:16 of 2nd period - Slapshot by Valeri Nichushkin.
9:16 of 2nd period - Shot Blocked by Noah Dobson.
10:30 of 2nd period - Blake Coleman is hit by Martin Fehervary.
10:58 of 2nd period - Jamie Benn is hit by Boone Jenner and loses puck.
11:19 of 2nd period - Jesperi Kotkaniemi is hit by Kyle Capobianco and loses puck.
11:32 of 2nd period - Nick Bonino is hit by Brandon Saad and loses puck.
11:51 of 2nd period - Kirill Kaprizov is hit by Kyle Okposo and loses puck.
12:34 of 2nd period - Kyle Capobianco is hit by Tanner Jeannot.
13:08 of 2nd period - Jesperi Kotkaniemi is hit by Barrett Hayton.
13:18 of 2nd period - Wrist shot by Nick Bonino.
13:18 of 2nd period - Stopped by Tristan Jarry with a rebound.
13:20 of 2nd period - Snap shot by Brock Nelson.
13:20 of 2nd period - Stopped by Tristan Jarry without a rebound.
13:21 of 2nd period - Brock Nelson wins face-off versus Morgan Frost in Kraken zone.
13:36 of 2nd period - Artturi Lehkonen is hit by Tanner Jeannot and loses puck.
13:51 of 2nd period - Snap shot by Nick Schmaltz.
13:51 of 2nd period - Deflect By Jesper Bratt.
13:51 of 2nd period - Shot Misses the Net.
13:51 of 2nd period - Puck is out of play.
13:52 of 2nd period - Boone Jenner wins face-off versus Roope Hintz in Kraken zone.
13:57 of 2nd period - Slapshot by Boone Jenner.
13:57 of 2nd period - Shot Blocked by Roope Hintz.
14:03 of 2nd period - Kyle Okposo is hit by Roope Hintz and loses puck.
14:22 of 2nd period - Snap shot by Jesper Bratt.
14:22 of 2nd period - Shot Misses the Net.
14:24 of 2nd period - Wrist shot by Clayton Keller.
14:24 of 2nd period - Stopped by Karel Vejmelka without a rebound.
14:25 of 2nd period - Jamie Benn wins face-off versus Anders Lee in Islanders zone.
14:26 of 2nd period - Wrist shot by Jesper Bratt.
14:26 of 2nd period - Shot Blocked by Kyle Capobianco.
14:59 of 2nd period - Snap shot by Boone Jenner.
14:59 of 2nd period - Stopped by Tristan Jarry with a rebound.
15:01 of 2nd period - Slapshot by Dysin Mayo.
15:01 of 2nd period - Stopped by Tristan Jarry without a rebound.
15:02 of 2nd period - Jamie Benn wins face-off versus Adam Fantilli in Kraken zone.
15:02 of 2nd period - Jamie Benn is hit by Adam Fantilli.
15:28 of 2nd period - Andrei Svechnikov is hit by Anders Lee and loses puck.
16:35 of 2nd period - Snap shot by Jesper Bratt.
16:35 of 2nd period - Shot Blocked by Kyle Capobianco.
16:51 of 2nd period - Artturi Lehkonen is hit by Jacob Trouba.
16:59 of 2nd period - Wrist shot by Kirill Kaprizov.
16:59 of 2nd period - Stopped by Karel Vejmelka without a rebound.
17:00 of 2nd period - Jesperi Kotkaniemi wins face-off versus Brock Nelson in Islanders zone.
17:34 of 2nd period - Wrist shot by Boone Jenner.
17:34 of 2nd period - Deflect By Nick Schmaltz.
17:34 of 2nd period - Deflect By Roope Hintz.
17:34 of 2nd period - Shot Misses the Net.
17:34 of 2nd period - Puck is out of play.
17:35 of 2nd period - Brock Nelson wins face-off versus Jamie Benn in Kraken zone.
17:40 of 2nd period - Wrist shot by Brock Nelson.
17:40 of 2nd period - Shot Misses the Net.
17:42 of 2nd period - Snap shot by Artturi Lehkonen.
17:42 of 2nd period - Deflect By Anders Lee.
17:42 of 2nd period - Stopped by Tristan Jarry without a rebound.
17:43 of 2nd period - Jamie Benn wins face-off versus Anders Lee in Kraken zone.
18:12 of 2nd period - Backhand shot by Jesper Bratt.
18:12 of 2nd period - Shot Blocked by Bowen Byram.
18:30 of 2nd period - Slapshot by Brock Nelson.
18:30 of 2nd period - Stopped by Tristan Jarry with a rebound.
18:32 of 2nd period - Backhand shot by Anders Lee.
18:32 of 2nd period - Shot Hit the Post.
18:34 of 2nd period - Snap shot by Anders Lee.
18:34 of 2nd period - Goal by Anders Lee - Islanders : 2 - Kraken : 3.
18:35 of 2nd period - Adam Fantilli wins face-off versus Roope Hintz in neutral zone.
18:39 of 2nd period - Brenden Dillon and Kyle Capobianco fight to a draw.
18:39 of 2nd period - Penalty to Brenden Dillon for Fighting.
18:39 of 2nd period - Penalty to Kyle Capobianco for Fighting.
18:40 of 2nd period - Roope Hintz wins face-off versus Adam Fantilli in Kraken zone.
18:51 of 2nd period - Wrist shot by Valeri Nichushkin.
18:51 of 2nd period - Stopped by Tristan Jarry with a rebound.
19:14 of 2nd period - Snap shot by Blake Coleman.
19:14 of 2nd period - Shot Misses the Net.
19:16 of 2nd period - Slapshot by Pavel Zacha.
19:16 of 2nd period - Stopped by Karel Vejmelka without a rebound.
19:17 of 2nd period - Kyle Okposo wins face-off versus Jamie Benn in Islanders zone.
19:17 of 2nd period - Kyle Okposo is hit by Nicolas Hague.
19:25 of 2nd period - Jamie Benn is hit by Kyle Okposo and loses puck.
19:27 of 2nd period - Minor Penalty to Boone Jenner for Goalie Interference.
19:28 of 2nd period - Roope Hintz wins face-off versus Nick Bonino in Islanders zone.
Goals for this period are 1 for Islanders vs 0 for Kraken.
Shots for this period are 8 for Islanders vs 14 for Kraken.

3rd period


0:01 of 3rd period - Roope Hintz wins face-off versus Kyle Okposo in neutral zone.
0:04 of 3rd period - Slapshot by Noah Dobson.
0:04 of 3rd period - Deflect By Kyle Okposo.
0:04 of 3rd period - Stopped by Karel Vejmelka with a rebound.
0:06 of 3rd period - Wrist shot by Kirill Kaprizov.
0:06 of 3rd period - Shot Blocked by Martin Fehervary.
0:08 of 3rd period - Wrist shot by Roope Hintz.
0:08 of 3rd period - Shot Blocked by Kyle Okposo.
0:10 of 3rd period - Wrist shot by Kirill Kaprizov.
0:10 of 3rd period - Stopped by Karel Vejmelka with a rebound.
0:12 of 3rd period - Slapshot by Kirill Kaprizov.
0:12 of 3rd period - Deflect By Roope Hintz.
0:12 of 3rd period - Stopped by Karel Vejmelka with a rebound.
0:14 of 3rd period - Snap shot by Kirill Kaprizov.
0:14 of 3rd period - Goal by Kirill Kaprizov - Islanders : 2 - Kraken : 4.
0:15 of 3rd period - Adam Fantilli wins face-off versus Roope Hintz in neutral zone.
0:49 of 3rd period - Wrist shot by Pavel Zacha.
0:49 of 3rd period - Shot Misses the Net.
0:51 of 3rd period - Slapshot by Jacob Trouba.
0:51 of 3rd period - Deflect By Brock Nelson.
0:51 of 3rd period - Stopped by Karel Vejmelka with a rebound.
0:53 of 3rd period - Slapshot by Jacob Trouba.
0:53 of 3rd period - Stopped by Karel Vejmelka without a rebound.
0:54 of 3rd period - Kyle Okposo wins face-off versus Jamie Benn in Islanders zone.
1:41 of 3rd period - Kirill Kaprizov is hit by Anders Lee and loses puck.
2:24 of 3rd period - Wrist shot by Nick Schmaltz.
2:24 of 3rd period - Shot Misses the Net.
2:26 of 3rd period - Slapshot by Bowen Byram.
2:26 of 3rd period - Stopped by Tristan Jarry without a rebound.
2:27 of 3rd period - Boone Jenner wins face-off versus Roope Hintz in Kraken zone.
2:36 of 3rd period - Snap shot by Roope Hintz.
2:36 of 3rd period - Stopped by Karel Vejmelka with a rebound.
4:22 of 3rd period - Snap shot by Clayton Keller.
4:22 of 3rd period - Stopped by Karel Vejmelka with a rebound.
4:44 of 3rd period - Snap shot by Anders Lee.
4:44 of 3rd period - Stopped by Tristan Jarry without a rebound.
4:45 of 3rd period - Roope Hintz wins face-off versus Brock Nelson in Kraken zone.
5:12 of 3rd period - Jonas Siegenthaler is hit by Valeri Nichushkin and loses puck.
5:25 of 3rd period - Blake Coleman is hit by Valeri Nichushkin and loses puck.
5:40 of 3rd period - Jonas Siegenthaler is hit by Nick Schmaltz and loses puck.
6:07 of 3rd period - Slapshot by Chandler Stephenson.
6:07 of 3rd period - Stopped by Tristan Jarry with a rebound.
6:18 of 3rd period - Off-side.
6:19 of 3rd period - Brock Nelson wins face-off versus Roope Hintz in neutral zone.
6:19 of 3rd period - Brock Nelson beats up Brenden Dillon.
6:19 of 3rd period - Penalty to Brenden Dillon for Fighting.
6:19 of 3rd period - Brenden Dillon is ejected from game.
6:19 of 3rd period - Penalty to Brock Nelson for Fighting.
6:20 of 3rd period - Kyle Okposo wins face-off versus Roope Hintz in neutral zone.
7:14 of 3rd period - Bowen Byram is hit by Jesperi Kotkaniemi and loses puck.
7:33 of 3rd period - Tanner Jeannot is hit by Nick Schmaltz and loses puck.
7:52 of 3rd period - Jonas Siegenthaler is hit by Adam Fantilli and loses puck.
8:30 of 3rd period - Wrist shot by Blake Coleman.
8:30 of 3rd period - Shot Misses the Net.
8:32 of 3rd period - Snap shot by Blake Coleman.
8:32 of 3rd period - Shot Blocked by Chandler Stephenson.
8:34 of 3rd period - Snap shot by Pavel Zacha.
8:34 of 3rd period - Stopped by Karel Vejmelka with a rebound.
9:06 of 3rd period - Wrist shot by Andrei Svechnikov.
9:06 of 3rd period - Stopped by Karel Vejmelka without a rebound.
9:07 of 3rd period - Adam Fantilli wins face-off versus Roope Hintz in Islanders zone.
9:18 of 3rd period - Slapshot by Valeri Nichushkin.
9:18 of 3rd period - Shot Blocked by Jonas Siegenthaler.
9:46 of 3rd period - Minor Penalty to Artturi Lehkonen for Hooking.
9:47 of 3rd period - Jesperi Kotkaniemi wins face-off versus Adam Fantilli in Islanders zone.
9:52 of 3rd period - Snap shot by Blake Coleman.
9:52 of 3rd period - Shot Blocked by Brady Skjei.
10:00 of 3rd period - Snap shot by Bowen Byram.
10:00 of 3rd period - Deflect By Adam Fantilli.
10:00 of 3rd period - Shot Blocked by Jacob Trouba.
10:00 of 3rd period - Puck is out of play.
10:01 of 3rd period - Jamie Benn wins face-off versus Boone Jenner in Kraken zone.
10:07 of 3rd period - Nick Schmaltz beats up Clayton Keller.
10:07 of 3rd period - Penalty to Clayton Keller for Fighting.
10:07 of 3rd period - Penalty to Nick Schmaltz for Fighting.
10:08 of 3rd period - David Perron wins face-off versus Roope Hintz in neutral zone.
10:19 of 3rd period - Snap shot by Roope Hintz.
10:19 of 3rd period - Deflect By Andrei Svechnikov.
10:19 of 3rd period - Shot Blocked by Valeri Nichushkin.
10:19 of 3rd period - Puck is out of play.
10:20 of 3rd period - Jamie Benn wins face-off versus Adam Fantilli in Islanders zone.
10:23 of 3rd period - Wrist shot by Jesper Bratt.
10:23 of 3rd period - Stopped by Karel Vejmelka without a rebound.
10:24 of 3rd period - Adam Fantilli wins face-off versus Jamie Benn in Islanders zone.
10:34 of 3rd period - Snap shot by Adam Fantilli.
10:34 of 3rd period - Shot Misses the Net.
10:36 of 3rd period - Slapshot by Bowen Byram.
10:36 of 3rd period - Stopped by Tristan Jarry with a rebound.
10:38 of 3rd period - Snap shot by Brady Skjei.
10:38 of 3rd period - Shot Blocked by Jesper Bratt.
10:40 of 3rd period - Wrist shot by Adam Fantilli.
10:40 of 3rd period - Stopped by Tristan Jarry with a rebound.
11:20 of 3rd period - Chandler Stephenson is hit by Noah Dobson.
11:46 of 3rd period - Penalty to Artturi Lehkonen is over, Artturi Lehkonen is back on ice.
12:08 of 3rd period - Off-side.
12:09 of 3rd period - Jesperi Kotkaniemi wins face-off versus Adam Fantilli in neutral zone.
12:14 of 3rd period - Snap shot by Blake Coleman.
12:14 of 3rd period - Goal by Blake Coleman - Islanders : 2 - Kraken : 5.
12:15 of 3rd period - Boone Jenner wins face-off versus Jesperi Kotkaniemi in neutral zone.
12:22 of 3rd period - Wrist shot by Adam Fantilli.
12:22 of 3rd period - Stopped by Tristan Jarry with a rebound.
12:24 of 3rd period - Slapshot by Martin Fehervary.
12:24 of 3rd period - Shot Blocked by Noah Dobson.
12:26 of 3rd period - Snap shot by Adam Fantilli.
12:26 of 3rd period - Shot Misses the Net.
12:31 of 3rd period - Blake Coleman beats up Martin Fehervary.
12:31 of 3rd period - Penalty to Blake Coleman for Fighting.
12:31 of 3rd period - Penalty to Martin Fehervary for Fighting.
12:32 of 3rd period - Adam Fantilli wins face-off versus Jamie Benn in Kraken zone.
12:47 of 3rd period - Jacob Trouba is hit by Valeri Nichushkin and loses puck.
13:08 of 3rd period - Wrist shot by Boone Jenner.
13:08 of 3rd period - Deflect By Roope Hintz.
13:08 of 3rd period - Shot Blocked by Jacob Trouba.
13:08 of 3rd period - Puck is out of play.
13:09 of 3rd period - Anders Lee wins face-off versus Roope Hintz in Kraken zone.
13:24 of 3rd period - Brock Nelson is hit by Andrei Svechnikov and loses puck.
13:59 of 3rd period - Boone Jenner is hit by Nicolas Hague and loses puck.
14:08 of 3rd period - Dysin Mayo is hit by Tanner Jeannot and loses puck.
14:37 of 3rd period - Jonas Siegenthaler is hit by David Perron.
14:51 of 3rd period - Bowen Byram is hit by Andrei Svechnikov and loses puck.
15:39 of 3rd period - Kyle Capobianco is hit by Jonas Siegenthaler.
16:10 of 3rd period - Icing by Kyle Capobianco.
16:11 of 3rd period - Boone Jenner wins face-off versus Roope Hintz in Islanders zone.
16:18 of 3rd period - Artturi Lehkonen is hit by Jacob Trouba and loses puck.
16:37 of 3rd period - Wrist shot by Kirill Kaprizov.
16:37 of 3rd period - Stopped by Karel Vejmelka with a rebound.
17:03 of 3rd period - Wrist shot by Boone Jenner.
17:03 of 3rd period - Stopped by Tristan Jarry with a rebound.
17:13 of 3rd period - Morgan Frost is hit by Nick Bonino.
17:14 of 3rd period - Icing by Morgan Frost.
17:15 of 3rd period - Morgan Frost wins face-off versus Barrett Hayton in Kraken zone.
17:32 of 3rd period - Snap shot by Morgan Frost.
17:32 of 3rd period - Shot Blocked by Kyle Capobianco.
17:34 of 3rd period - Wrist shot by Noah Dobson.
17:34 of 3rd period - Shot Blocked by Patrik Nemeth.
17:36 of 3rd period - Wrist shot by Brandon Saad.
17:36 of 3rd period - Stopped by Karel Vejmelka with a rebound.
17:38 of 3rd period - Slapshot by Noah Dobson.
17:38 of 3rd period - Stopped by Karel Vejmelka with a rebound.
17:40 of 3rd period - Slapshot by Jacob Trouba.
17:40 of 3rd period - Shot Misses the Net.
17:42 of 3rd period - Slapshot by Noah Dobson.
17:42 of 3rd period - Deflect By Morgan Frost.
17:42 of 3rd period - Shot Misses the Net.
17:42 of 3rd period - Puck is out of play.
17:43 of 3rd period - Brock Nelson wins face-off versus Jamie Benn in Islanders zone.
18:09 of 3rd period - Blake Coleman is hit by Adam Fantilli and loses puck.
18:34 of 3rd period - Andrei Svechnikov is hit by Dysin Mayo and loses puck.
19:01 of 3rd period - Tanner Jeannot is hit by Dysin Mayo and loses puck.
19:23 of 3rd period - Off-side.
19:24 of 3rd period - Adam Fantilli wins face-off versus Jesperi Kotkaniemi in neutral zone.
19:40 of 3rd period - Snap shot by David Perron.
19:40 of 3rd period - Shot Misses the Net.
Goals for this period are 0 for Islanders vs 2 for Kraken.
Shots for this period are 7 for Islanders vs 15 for Kraken.